 Dungeon Crawl Stone Soup version 0.29-a0-824-gd827844252 (webtiles) character file.

Game seed: 14222646436278540179

29 indigestion the Firebug (level 3, 0/24 HPs)
             Began as a Human Fire Elementalist on July 11, 2022.
             Slain by a gnoll
             ... wielding a +0 club
              (1 damage)
             ... on level 1 of the Dungeon.
             The game lasted 00:03:06 (1392 turns).

indigestion the Firebug (Human Fire Elementalist)   Turns: 1392, Time: 00:03:07

Health: 0/24       AC:  2    Str:  8    XL:     3   Next: 32%
Magic:  3/6        EV: 12    Int: 17    God:
Gold:   61         SH:  0    Dex: 13    Spells: 5/6 levels left

rFire   . . .      SeeInvis .   d - +0 short sword
rCold   . . .      Faith    .   (no shield)
rNeg    . . .      Spirit   .   a - +0 robe
rPois   .          Reflect  .   (no helmet)
rElec   .          Harm     .   (no cloak)
rCorr   .          Rampage  .   (no gloves)
Will    .....                   (no boots)
Stlth   ++........              (no amulet)
HPRegen 0.08/turn               (no ring)
MPRegen 0.10/turn               (no ring)

@: no status effects
A: no striking features
a: no special abilities


You were on level 1 of the Dungeon.
You visited 1 branch of the dungeon, and saw 1 of its levels.

You collected 61 gold pieces.

Inventory:

Hand Weapons
 d - a +0 short sword (weapon)
Armour
 a - a +0 robe (worn)
Jewellery
 e - an amulet of faith
Scrolls
 c - 2 scrolls of teleportation {unknown}
 h - a scroll of fog {unknown}
 i - a scroll of identify {unknown}
Potions
 b - a potion of magic
 f - a potion of attraction {unknown}
 g - a potion of resistance {unknown}
 j - a potion of heal wounds {unknown}


   Skills:
 + Level 2.3 Dodging
 + Level 2.4 Stealth
 + Level 2.3 Spellcasting
 + Level 1.5 Conjurations
 + Level 3.2 Fire Magic


You had 5 spell levels left.
You knew the following spells:

 Your Spells              Type           Power      Damage    Failure   Level
a - Foxfire               Conj/Fire      40%        2x1d6     7%          1

Your spell library contained the following spells:

 Spells                   Type           Power      Damage    Failure   Level
 Scorch                   Fire           26%        2d6       8%          2
 Conjure Flame            Conj/Fire      10%        6-21      22%         3
 Inner Flame              Hex/Fire       7%         N/A       28%         3
 Flame Wave               Conj/Fire      10%        2d5       56%         4


Dungeon Overview and Level Annotations

Branches:
Dungeon (1/15)

Altars:

Shops:
D:1 =


Message History

The gnoll is moderately wounded.
You closely miss the gnoll.
The gnoll is moderately wounded.
The gnoll hits you with a +0 club.
Casting: Foxfire (safe; 7% risk of failure)
Confirm with . or Enter, or press ? or * to list all spells.
You conjure some foxfire!
The gnoll barely misses you.
You hit the gnoll.
The gnoll is heavily wounded.
The foxfire hits the gnoll but does no damage.
The gnoll is heavily wounded.
The gnoll hits you with a +0 club.
Casting: Foxfire (safe; 7% risk of failure)
Confirm with . or Enter, or press ? or * to list all spells.
You conjure some foxfire!
The gnoll hits you with a +0 club!
You hit the gnoll.
The gnoll is heavily wounded.
The foxfire hits the gnoll but does no damage.
The gnoll is heavily wounded.
The gnoll hits you with a +0 club. The gnoll closely misses you.
The gnoll attacks as you move away! The gnoll barely misses you.
The gnoll attacks as you move away! The gnoll misses you.
Casting: Foxfire (safe; 7% risk of failure)
Confirm with . or Enter, or press ? or * to list all spells.
You conjure some foxfire!
The gnoll hits you with a +0 club.
* * * LOW HITPOINT WARNING * * *
You hit the gnoll.
The gnoll is severely wounded.
The foxfire hits the gnoll but does no damage.
The gnoll is severely wounded.
The gnoll hits you with a +0 club.
* * * LOW HITPOINT WARNING * * *
The gnoll hits you with a +0 club.
* * * LOW HITPOINT WARNING * * *
The gnoll barely misses you.
Casting: Foxfire (safe; 7% risk of failure)
Confirm with . or Enter, or press ? or * to list all spells.
You conjure some foxfire!
The gnoll hits you with a +0 club.
You die...

.... #..# #......
#P#P #..# ###)###
... #..# #..).# #.
###P###.###..#
#.##.. #.
#.........#..#
#.##.#
#...............#
#.#..) ##..
..##..##.##.#
#.#.##
......##.###v##.#
#...##
...#..#.##...v@...#
###...
#.........###g####
#### #.######.# #
#........#
##########


You could see a gnoll (ally target).

Vanquished Creatures
  5 endoplasms (D:1)
  A giant cockroach (D:1)
  2 goblins (D:1)
  A hobgoblin (D:1)
  7 jackals (D:1)
  A quokka (D:1)
  3 ball pythons (D:1)
  A bat (D:1)
  2 kobolds (D:1)
  A rat (D:1)
24 creatures vanquished.

Vanquished Creatures (others)
  66 foxfires (D:1)
  13 plants (D:1)
79 creatures vanquished.

Grand Total: 103 creatures vanquished

Notes
Turn   | Place    | Note
-------+----------+-------------------------------------------
     0 | D:1      | indigestion the Human Fire Elementalist began the quest for
                  | the Orb.
     0 | D:1      | Reached XP level 1. HP: 13/13 MP: 3/3
    91 | D:1      | Reached XP level 2. HP: 9/19 MP: 1/5
   843 | D:1      | Found Towkoqau's Jewellery Shoppe.
  1041 | D:1      | Reached XP level 3. HP: 22/24 MP: 6/6
  1388 | D:1      | HP: 1/24 [gnoll/+0 club (1)]
  1392 | D:1      | Slain by a gnoll

Illustrated notes

Levels and vault maps discovered:
D:1:      scummos_arrival_hexagon, layout_loops_corners,
          shapermc_ecumenical_altar_mp_urbaneastern, serial_shops,
          nicolae_lakefront_shop, chequers_big_river, minmay_hexomino_p4

Action                   || total
-------------------------++-------
Melee: Unarmed           ||     7
       Short sword       ||    27
 Cast: Foxfire           ||    38
 Stab: Sleeping          ||     2
Armor: Robe              ||     8
Dodge: Dodged            ||    40

Table legend: (Time is in decaauts)
 A = Elapsed time spent in this place.
 B = Non-inter-level travel time spent in this place.
 C = Inter-level travel time spent in this place.
 D = Time resting spent in this place.
 E = Time spent auto-exploring this place.
 F = Levels seen in this place.
 G = Mean time per level.
                   A        B        C        D        E       F      G
               +--------+--------+--------+--------+--------+-----+--------+
         Total |   1408 |   1408 |      0 |    245 |    914 |   1 | 1408.0 |
       Dungeon |   1408 |   1408 |      0 |    245 |    914 |   1 | 1408.0 |
               +--------+--------+--------+--------+--------+-----+--------+

Top non-repeatable levels by time:
     D:1: 1408 daAuts
